 Dungeon Crawl Stone Soup version 0.30.1-11-g7821555f0a (webtiles) character file.

Game seed: 10655783737723980397

416 lonewolfV2 the Shield-Bearer (level 6, -6/56 HPs)
             Began as a Minotaur Fighter on Oct 31, 2023.
             Was an Initiate of the Shining One.
             Mangled by a gnoll
             ... wielding a +0 halberd
              (10 damage)
             ... on level 4 of the Dungeon on Nov 1, 2023.
             The game lasted 00:09:28 (3109 turns).

lonewolfV2 the Shield-Bearer (Minotaur Fighter)     Turns: 3109, Time: 00:09:28

Health: -6/56      AC:  7    Str: 21    XL:     6   Next: 60%
Magic:  5/5        EV:  9    Int:  5    God:    the Shining One [......]
Gold:   239        SH:  6    Dex: 11    Spells: 5/5 levels left

rFire   . . .        a - +1 war axe
rCold   . . .        c - +1 buckler
rNeg    . . .        b - +0 scale mail
rPois   .            (helmet restricted)
rElec   .            (no cloak)
rCorr   .            (no gloves)
SInv    .            (no boots)
Will    .....        i - amulet of faith Stlth
                     (no ring)
HPRegen 0.29/turn    (no ring)
MPRegen 0.09/turn

%: faith
@: glowing
A: horns 2, retaliatory headbutt
a: Renounce Religion


You were on level 4 of the Dungeon.
You worshipped the Shining One.
The Shining One was noncommittal.
You visited 2 branches of the dungeon, and saw 5 of its levels.

You collected 239 gold pieces.

Inventory:

Hand Weapons
 a - a +1 war axe (weapon)
Armour
 b - a +0 scale mail (worn)
 c - a +1 buckler (worn)
Jewellery
 i - an amulet of faith (around neck)
 m - a ring of positive energy
 n - a +6 ring of intelligence
Wands
 d - a wand of flame (11)
Scrolls
 e - 2 scrolls of teleportation
 k - a scroll of identify
 o - a scroll of enchant weapon
 q - a scroll of silence {unknown}
Potions
 f - 3 potions of magic
 g - a potion of attraction
 h - a potion of cancellation
 j - 2 potions of ambrosia
 l - a potion of brilliance {unknown}
 p - a potion of degeneration {unknown}
 s - 2 potions of invisibility


   Skills:
 + Level 5.4 Fighting
 + Level 4.7 Axes
 + Level 5.4 Armour
 + Level 5.5 Shields


You had 5 spell levels left.
You didn't know any spells.
Your spell library contained the following spells:

 Spells                   Type           Power      Damage    Failure   Level
 Dazzling Flash           Conj/Hex       0%         N/A       99%         3
 Inner Flame              Hex/Fire       0%         N/A       99%         3
 Agony                    Necr           0%         N/A       100%        5
 Silence                  Hex/Air        0%         N/A       100%        5
 Yara's Violent Unravell  Hex/Tmut       0%         3d3       100%        5
 Enfeeble                 Hex            0%         N/A       100%        7


Dungeon Overview and Level Annotations

Branches:
Dungeon (4/15)             Temple (1/1) D:4

Altars:
Dithmenos
Kikubaaqudgha
Okawaru
Ru
Uskayaw
Wu Jian
Xom
The Shining One

Shops:
D:3 (


Innate Abilities, Weirdness & Mutations

You have a pair of horns on your head.
You reflexively headbutt those who attack you in melee.


Message History

The hound is heavily wounded.
The hound misses you. You furiously retaliate!
You headbutt the hound!
You kill the hound!
A hound comes into view.
Found a scale mail.
The gnoll hits you but does no damage. The gnoll barely misses you.
The hound barks!
The gnoll barely misses you. You block the gnoll's attack.
The hound bites you but does no damage. The gnoll completely misses you.
The hound bites you. You block the hound's attack.
The gnoll hits you from afar with a +0 halberd.
The gnoll closely misses you. The hound barely misses you.
You furiously retaliate!
You headbutt the hound! You block the gnoll's attack.
The gnoll closely misses you. You block the hound's attack.
The gnoll hits you from afar with a +0 halberd.
The gnoll hits you with a +0 halberd.
Items here: )) [ †.
The gnoll attacks as you move away! The gnoll barely misses you.
The gnoll closely misses you. The hound misses you.
You closely miss the hound.
The hound is almost dead.
The hound closely misses you.
The gnoll hits you from afar with a +0 halberd.
The hound barely misses you.
You miss the hound.
You headbutt the hound, but do no damage.
The hound is almost dead.
The hound bites you.
* * * LOW HITPOINT WARNING * * *
The gnoll barely misses you.
The gnoll hits you from afar with a +0 halberd!
* * * LOW HITPOINT WARNING * * *
The hound bites you but does no damage.
You barely miss the hound. Your headbutt misses the hound.
The hound is almost dead.
The gnoll closely misses you.
The gnoll hits you from afar with a +0 halberd!
You die...

........#.......# #.#..
#.....#.....# #.###
##..#.......# #.##.
#####.)##.##>#.####.#.#
#....).##.##.#.........
#(###..##.##.#.####.###
##)##.##.... ...# #
#)##<##...###..# #
#@##.# #..### #h#..#
#..... #gg..##.# ......
#..#..... >.....
#...[.#.# .###
#...#####..# # #### .#
# . .## .....


You could see a hound and 2 gnolls.

Vanquished Creatures
  Eustachio (D:4)
  An ogre (D:4)
  A hound (D:4)
  An orc priest (D:3)
  An orc wizard (D:3)
  2 adders
  A worm (D:2)
  A dart slug (D:3)
  20 orcs
  3 endoplasms
  3 giant cockroaches
  4 goblins
  4 hobgoblins
  3 jackals (D:3)
  10 kobolds
  4 quokkas
  2 ball pythons (D:2)
  4 bats
  4 frilled lizards
  8 rats
78 creatures vanquished.

Notes
Turn   | Place    | Note
-------+----------+-------------------------------------------
     0 | D:1      | lonewolfV2 the Minotaur Fighter began the quest for the
                  | Orb.
     0 | D:1      | Reached XP level 1. HP: 19/19 MP: 0/0
   216 | D:1      | Reached XP level 2. HP: 27/27 MP: 1/1
   916 | D:2      | Reached XP level 3. HP: 33/33 MP: 2/2
   927 | D:2      | Found a faded altar of an unknown god.
  1687 | D:3      | Reached XP level 4. HP: 30/40 MP: 3/3
  1716 | D:3      | Reached XP level 5. HP: 18/47 MP: 4/4
  1839 | D:3      | Found Upub's Weapon Shop.
  1863 | D:3      | Noticed a +0 dagger
  1863 | D:3      | Noticed a +0 hand axe
  1868 | D:3      | Found a hide-covered altar of Uskayaw.
  1948 | D:3      | Found an ornate altar of the Wu Jian Council.
  2148 | D:4      | Found a staircase to the Ecumenical Temple.
  2163 | Temple   | Entered the Ecumenical Temple
  2364 | Temple   | Became a worshipper of the Shining One
  2420 | D:4      | Noticed an ogre
  2427 | D:4      | Killed an ogre
  2428 | D:4      | Reached skill level 5 in Fighting
  2428 | D:4      | Reached skill level 5 in Armour
  2428 | D:4      | Reached skill level 5 in Shields
  2871 | D:4      | Noticed Eustachio
  2915 | D:4      | Killed Eustachio
  2916 | D:4      | Reached XP level 6. HP: 15/56 MP: 5/5
  3109 | D:4      | Mangled by a gnoll

Illustrated notes

Levels and vault maps discovered:
D:1:      elethiomel_arrival_maze, layout_basic, serial_corexii_hall,
          corexii_hall_statues_i, chequers_hall_statues_corner_a
D:2:      layout_basic, shapermc_ecumenical_altar_starsandcircs
D:3:      layout_rooms, mainiacjoe_overflow_alcove_2, dancing_weapons_uskayaw,
          serial_shops, shop, minmay_quantized
D:4:      layout_loops_ring, mainiacjoe_overflow_swirl, lemuel_crystal_altar,
          minmay_temple_entry_drinking_statues, dreamdust_gnoll_farm, uniq_ijyb,
          uniq_eustachio
Temple:   nicolae_temple_bog_church

Skill      XL: |  1  2  3  4  5 |
---------------+----------------+-----
Shields        | 4 5 |  5.5
Fighting       | 4 5 |  5.4
Armour         | 4 5 |  5.4
Axes           | 3 4 |  4.7

Action                     |  1- 3 |  4- 6 || total
---------------------------+-------+-------++-------
  Melee: War axe           |    91 |    72 ||   163
         Headbutt          |     8 |    10 ||    18
    Use: Scroll            |     5 |     6 ||    11
         Potion            |       |     1 ||     1
 Armour: Scale mail        |    53 |    56 ||   109
  Dodge: Dodged            |    44 |    65 ||   109
  Block: Buckler           |    27 |    39 ||    66
